 Dungeon Crawl Stone Soup version 0.20-a0-1025-g4706f7e (webtiles) character file.

737801 Monsterracer the Axe Maniac (level 27, -9/191 HPs)
             Began as a Minotaur Berserker on Apr 18, 2017.
             Was the Champion of the Shining One.
             Killed from afar by an orb of fire (26 damage)
             ... with a bolt of fire
             ... on level 5 of the Realm of Zot on Apr 19, 2017.
             The game lasted 03:30:10 (70949 turns).

Monsterracer the Axe Maniac (Minotaur Berserker)   Turns: 70949, Time: 03:30:11

Health: -9/191     AC: 37    Str: 33      XL:     27
Magic:  8/32       EV: 32    Int:  4 (5)  God:    the Shining One [******]
Gold:   8788       SH: 17    Dex: 23      Spells: 26/26 levels left

rFire    + + .     SeeInvis .   R - +9 executioner's axe (holy)
rCold    + + .     Gourm    .   (shield currently unavailable)
rNeg     + + +     Faith    .   s - +7 crystal plate armour
rPois    +         Spirit   .   Z - +1 hat {MR+}
rElec    .         Reflect  +   y - +2 cloak {MR+}
rCorr    +         Harm     .   N - -1 pair of gloves of the Sky {Dex+6}
MR       +++++     Clarity  +   F - -2 pair of boots of Distant Worlds {rN+ rCorr Int+3 Stlth-} (curse)
Stlth    ..........             a - amulet "Koarhyt" {Reflect rPois SH+3}
Regen    0.0/turn               n - ring "Ogaek" {rF+ MR+ Int+2 Dex+5 Stlth-}
MPRegen  0.3/turn               C - ring "Hatulanu" {+Fly rC+}

@: divine shield, about to teleport, glowing, repel missiles
A: retaliatory headbutt, horns 2, repulsion field 3, clarity, cold resistance 1,
deformed body, deterioration 1, dopey 2, fire resistance 1, frail 3, low mp 1,
magic resistance 1, sense surroundings 1, screaming 1, inhibited regeneration,
evolution 2, no potion heal 1, MP-powered wands
}: 4/15 runes: decaying, slimy, silver, gossamer
a: Divine Shield, Cleansing Flame, Summon Divine Warrior, Renounce Religion,
Evoke Flight


You were on level 5 of the Realm of Zot.
You worshipped the Shining One.
The Shining One was exalted by your worship.
You were hungry.

You visited 11 branches of the dungeon, and saw 55 of its levels.
You visited 1 bazaar.
You visited 1 ziggurat, and saw 6 of its levels.
You also visited: Labyrinth, Sewer and Ice Cave.

You collected 10495 gold pieces.
You spent 1707 gold pieces at shops.

Inventory:

Hand Weapons
 R - a +9 executioner's axe of holy wrath (weapon)
Armour
 m - a +2 cloak of poison resistance
 s - a +7 crystal plate armour (worn)
 y - a +2 cloak of magic resistance (worn)
 F - the cursed -2 pair of boots of Distant Worlds (worn) {rN+ rCorr Int+3 Stlth-}
   (You bought it in a shop on level 2 of the Depths)

   It affects your intelligence (+3).
   It protects you from negative energy.
   It protects you from acid and corrosion.
   It makes you less stealthy.
   It has a curse placed upon it.
 N - the -1 pair of gloves of the Sky (worn) {Dex+6}
   (You found it on level 4 of the Depths)

   It affects your dexterity (+6).
 Z - a +1 hat of magic resistance (worn)
Jewellery
 a - the amulet "Koarhyt" (around neck) {Reflect rPois SH+3}
   (You found it on level 5 of the Pits of Slime)

   [amulet of reflection]

   It shields you and reflects attacks.
   It protects you from poison.
   It affects your SH (+3).
 n - the ring "Ogaek" (left hand) {rF+ MR+ Int+2 Dex+5 Stlth-}
   (You found it on level 5 of the Pits of Slime)

   [ring of loudness]

   It affects your intelligence (+2).
   It affects your dexterity (+5).
   It protects you from fire.
   It affects your resistance to hostile enchantments.
   It makes you less stealthy.
 A - a +5 ring of slaying
 C - the ring "Hatulanu" (right hand) {+Fly rC+}
   (You found it on level 4 of the Depths)

   [ring of flight]

   It protects you from cold.
   It lets you fly.
 H - the ring "Migokaes" {+Blink rN+ Dex+5 SInv}
   (You bought it in a shop on level 2 of the Depths)

   [ring of positive energy]

   It affects your dexterity (+5).
   It protects you from negative energy.
   It lets you see invisible.
   It lets you blink.
 T - the ring of Yesterday {Fire -Tele rElec MR+++ Int+5}
   (You found it on level 5 of the Vaults)

   [ring of fire]

   It enhances your fire magic.
   It affects your intelligence (+5).
   It protects you from fire.
   It makes you vulnerable to cold.
   It insulates you from electricity.
   It affects your resistance to hostile enchantments.
   It prevents most forms of teleportation.
Wands
 b - a wand of digging (18/24)
 j - a wand of digging (19/24)
 x - a wand of scattershot (8/9)
 J - a wand of scattershot (6/9)
Scrolls
 e - 40 scrolls of identify
 f - 6 scrolls of fear
 g - 25 scrolls of teleportation
 i - 28 scrolls of remove curse
 l - 6 scrolls of fog
 o - 6 scrolls of blinking
 B - 6 scrolls of magic mapping
 G - 4 scrolls of summoning
 I - 7 scrolls of immolation
 L - 7 scrolls of recharging
 S - 3 scrolls of holy word
Potions
 d - a potion of cancellation
 h - 16 potions of curing
 q - 2 potions of resistance
 v - 11 potions of mutation
 z - 7 potions of agility
 D - 3 potions of heal wounds
 E - 13 potions of haste
 K - 7 potions of ambrosia
 Q - 3 potions of flight
Comestibles
 c - 17 bread rations
 k - 44 fruits
 p - 25 royal jellies
 r - 26 meat rations


   Skills:
 O Level 27 Fighting
 O Level 27 Axes
 O Level 27 Armour
 O Level 27 Dodging
 + Level 19.8 Invocations


You had 26 spell levels left.
You didn't know any spells.

Dungeon Overview and Level Annotations

Branches:
Dungeon (15/15)            Temple (1/1) D:6            Lair (6/6) D:8
  Swamp (4/4) Lair:2       Spider (4/4) Lair:2        Slime (5/5) Lair:5
    Orc (2/2) D:10            Elf (3/3) Orc:2        Vaults (5/5) D:13
  Crypt (0/3) Vaults:3     Depths (5/5) D:15            Zot (5/5) Depths:5

Altars:
Ashenzari
Cheibriados
Dithmenos
Elyvilon
Fedhas
Gozag
Hepliaklqana
Kikubaaqudgha
Makhleb
Nemelex Xobeh
Okawaru
Qazlal
Ru
Sif Muna
Trog
Uskayaw
Vehumet
Wu Jian
Xom
Yredelemnul
Zin
The Shining One
Beogh
Jiyva
Lugonu

Shops:
D:6 (   D:8 :   D:13 !   Orc:2 :(}}*   Elf:1 (   Vaults:1 [   Vaults:2 :
Vaults:3 %:   Depths:2 [=}}   Depths:3 !   Depths:5 }

Portals:
Hell: Depths:1 Depths:2 Depths:3 Depths:4 Depths:5
Abyss: Depths:3 Depths:4
Pandemonium: Depths:3
Trove: Elf:2 (give horn of Geryon)

Annotations:
Depths:5 2 runed doors


Innate Abilities, Weirdness & Mutations

You reflexively headbutt those who attack you in melee.
You have a pair of horns on your head.
You are surrounded by a strong repulsion field. (EV +4, RMsl)
You possess an exceptional clarity of mind.
Your flesh is cold resistant. (rC+)
Armour fits poorly on your strangely shaped body.
Your body sometimes deteriorates upon taking damage.
You are very dopey. (Int -4)
Your flesh is heat resistant. (rF+)
You are extremely frail. (-30% HP)
Your magical capacity is low. (-10% MP)
You are resistant to hostile enchantments. (MR+)
You passively map a small area around you.
You occasionally shout uncontrollably at your foes.
You do not regenerate when monsters are visible.
You rapidly evolve.
Potions are less effective at restoring your health.
You expend magic power (3 MP) to strengthen your wands.


Message History

The fireball explodes!
The fireball engulfs you! You resist.
* * * LOW HITPOINT WARNING * * *
Your body deteriorates!
You feel dopey.
The fireball engulfs the orb of fire.
The orb of fire completely resists.
The fireball engulfs the orb of fire.
The orb of fire completely resists.
The fireball engulfs the orb of fire.
The orb of fire completely resists.
The fireball engulfs the orb of fire.
The orb of fire completely resists.
The fireball engulfs the orb of fire.
The orb of fire completely resists.
The white draconian closely misses you.
The orb of fire glows deep purple.
Your angel twists and deforms.
You hear a deafening roar!
Your system partially rejects the healing.
You feel much better.
The orb of fire glows bright magenta.
Strange energies course through your body.
Your body twists and deforms.
The orb of fire glows yellow.
The bolt of fire hits you! You resist.
You die...

****,,,,,,,,,,,,,,,**
***,...............,,,**
**,,,...............,,,,** ***
*,,,,...............,,,,,*
,,***,,,,...............,,,,,*
,,,**,,,,...............,,,,**
,,,,*,,,,.......X.......,,,**
,,,,,,,,,......***d.....,,**
,,,,*,,,,.....dA@*......,,,**
,,,**,,,,......)*.......,,,,**
,,***,,,,...............,,,,,*
*** *,,,,...............,,,,,*
**,,,...............,,,,**
***,...............,,,**
**▓▓.............****
▓▓▓▓▓▓▓▓▓▓▓▓▓▓*


You could see 5 orbs of fire, a green draconian, a white draconian, an Orb
Guardian and a friendly angel.

Vanquished Creatures
  the Royal Jelly (Slime:5)
  Dissolution (Slime:4)
  2 orbs of fire
  A juggernaut (Depths:3)
  4 ancient liches
  Sojobo (Depths:5)
  The ghost of DEFE the Sorcerer, a veteran DEAK of Lugonu (Vaults:5)
  Frederick (Vaults:2)
  7 Killer Klowns
  A caustic shrike (Depths:4)
  4 curse toes
  Xtahua (Depths:5)
  Nikola (Swamp:1)
  13 golden dragons
  A bone dragon (Depths:5)
  6 liches
  Jorgrun (Vaults:4)
  3 electric golems
  Rupert (D:14)
  A hellephant (Zot:2)
  An Ice Fiend (IceCv)
  12 Orb Guardians (Zot:5)
  16 tentacled monstrosities
  5 titans
  2 deep elf blademasters (Elf:3)
  22 acid blobs
  9 quicksilver dragons
  2 deep elf master archers (Elf:3)
  2 tentacled starspawn
  Frances (Spider:1)
  9 sphinxes
  7 death cobs
  Kirke (Swamp:1)
  Agnes (Spider:3)
  13 shadow dragons
  21 storm dragons
  9 tengu reavers
  5 thorn hunters
  A warmonger (Zig:5)
  17 azure jellies
  11 draconian monks
  A frost giant (shapeshifter) (D:15)
  10 fire giants
  2 large abominations (Vaults:5)
  18 vault wardens
  7 draconian knights
  4 orc warlords
  Louise (Spider:1)
  5 draconian scorchers
  12 frost giants
  2 iron dragons
  A balrug (Zig:5)
  Aizul (Spider:3)
  5 emperor scorpions (Spider:4)
  11 deep elf sorcerers
  2 draconian shifters
  5 deep elf elementalists
  7 ghost moths
  3 war gargoyles (Vaults:5)
  12 draconian annihilators
  5 draconian stormcallers
  35 very ugly things
  12 entropy weavers
  19 ironheart preservers
  36 stone giants
  2 vampire knights
  4 dire elephants (Zot:2)
  13 green draconians
  15 yellow draconians
  A corrupter (Zig:6)
  14 deep elf annihilators
  14 black draconians
  12 white draconians
  10 red draconians
  9 deep elf demonologists
  5 spark wasps
  15 purple draconians
  Snorg (Orc:2)
  A blizzard demon (Zig:6)
  A crystal guardian (Vaults:2)
  An ettin (shapeshifter) (Vaults:5)
  25 ettins
  17 fire dragons
  9 death oozes
  2 green deaths
  A minotaur (Lab)
  10 deep elf high priests
  2 jiangshi (Depths:2)
  Josephine (D:13)
  10 deep elf death magi
  Fannar (Lair:1)
  23 yaktaur captains
  15 ogre magi
  21 hydras
  26 great orbs of eyes
  4 rakshasas
  11 ice dragons
  3 spriggan air magi
  37 vault guards
  A ghost crab (Swamp:1)
  10 alligators
  5 catoblepae
  A hell beast (Depths:3)
  12 centaur warriors
  50 two-headed ogres
  A queen ant (Lair:5)
  29 dancing weapons
  4 death knights
  9 death yaks
  9 deep troll earth magi
  A vampire mage (Depths:2)
  7 spriggan berserkers
  7 tengu warriors
  6 deep troll shamans
  An orc high priest (Elf:1)
  Urug (Lair:5)
  A titan zombie (Depths:3)
  40 deep elf knights
  Sonja (D:15)
  2 wretched stars (Zig:6)
  11 iron trolls
  Nergalle (Orc:1)
  An iron golem (Zig:4)
  A fire crab (shapeshifter) (D:15)
  10 skeletal warriors
  A death drake (Depths:4)
  2 fire crabs (Swamp:4)
  3 spriggan druids
  2 flayed ghosts
  6 unseen horrors
  8 glowing orange brains
  8 swamp dragons
  4 shadow wraiths
  17 hell knights
  An unseen horror (shapeshifter) (Elf:1)
  3 shambling mangroves
  31 deep trolls
  19 deep elf archers
  6 wizards
  7 phantasmal warriors
  A harpy (Vaults:3)
  25 ironbrand convokers
  8 lindwurms
  10 orb spiders
  2 necromancers
  52 ugly things
  19 orc knights
  2 stone giant zombies (Depths:3)
  6 manticores
  4 orc sorcerers
  2 fauns (shapeshifter)
  7 shining eyes
  17 cyclopes
  2 oklob plants
  32 wolf spiders
  89 deep elf magi
  Maurice (D:9)
  6 elephants
  24 moths of wrath
  2 guardian serpents (shapeshifter)
  18 vault sentinels
  2 elephants (shapeshifter)
  Psyche (D:10)
  The ghost of Monsterracer the Summoner, a novice TeSu of Sif Muna (D:6)
  An ice statue (IceCv)
  A rust devil (Zig:4)
  Joseph (D:7)
  A smoke demon (Depths:3)
  3 torpor snails
  7 black mambas
  4 eyes of devastation
  2 gargoyles
  5 spectral swamp worms (Depths:2)
  2 kobold demonologists
  15 spiny frogs
  An orange demon (Depths:3)
  8 freezing wraiths
  6 rime drakes
  11 demonic crawlers
  7 komodo dragons
  3 anaconda simulacra (IceCv)
  A komodo dragon (shapeshifter) (Depths:2)
  67 yaktaurs
  5 tengu conjurers
  A tormentor (Zig:4)
  A troll (shapeshifter) (Vaults:4)
  8 ice devils
  A merfolk (shapeshifter) (Depths:5)
  3 meliai (Spider:2)
  A hornet (shapeshifter) (Vaults:1)
  31 jumping spiders
  11 trolls
  A polar bear (shapeshifter) (Vaults:2)
  29 hornets
  8 tyrant leeches
  10 polar bears
  10 blink frogs
  2 stone giant simulacra
  4 bog bodies
  173 slime creatures
  10 hippogriffs
  A human simulacrum (Vaults:2)
  A hippogriff (shapeshifter) (Vaults:5)
  3 centaur simulacra
  An ettin skeleton (Vaults:5)
  75 redbacks
  9 shadows
  23 tarantellas
  9 spriggans
  12 air elementals
  A wyvern (shapeshifter) (Elf:3)
  4 dire elephant simulacra (IceCv)
  A vampire (D:13)
  4 wyverns
  46 yaks
  A tarantella (shapeshifter) (D:15)
  7 fire elementals
  A hog (shapeshifter) (Depths:2)
  7 wraiths
  Eustachio (D:5)
  4 water elementals
  3 hogs (Swamp:1)
  8 golden eyes (Slime:3)
  A yak (shapeshifter) (Vaults:1)
  A basilisk (shapeshifter) (D:15)
  4 basilisks
  A yaktaur simulacrum (Vaults:3)
  A neqoxec (Depths:3)
  7 steam dragons
  5 hungry ghosts
  7 humans (Zot:2)
  14 vampire mosquitoes
  2 chaos spawn (Depths:3)
  A small abomination (Zig:6)
  A death yak simulacrum (IceCv)
  8 wargs
  A deep troll zombie (Vaults:5)
  3 iron troll simulacra (IceCv)
  A naga (shapeshifter) (Depths:2)
  4 harpy simulacra (IceCv)
  22 swamp worms
  3 insubstantial wisps (Swamp:3)
  A hydra simulacrum (IceCv)
  24 soldier ants
  2 acid dragons (Vaults:2)
  3 floating eyes
  13 water moccasins
  A meliai simulacrum (D:15)
  9 porcupines
  17 swamp drakes
  Purgy (Sewer)
  A black bear (shapeshifter) (Vaults:5)
  A necrophage (D:12)
  3 sky beasts
  52 orc warriors
  6 ice beasts
  6 black bears
  A phantom (D:9)
  7 eyes of draining
  13 boggarts
  51 ogres
  24 centaurs
  A centaur (shapeshifter) (Vaults:5)
  16 crocodiles
  18 wolves
  13 bullfrogs
  2 big kobolds
  A cyclops zombie (Depths:3)
  A gnoll sergeant (D:9)
  A human zombie (Vaults:5)
  2 earth elementals
  A wyvern skeleton (D:14)
  4 scorpions
  An oklob sapling (Swamp:3)
  57 killer bees
  5 wights
  A howler monkey (D:6)
  6 electric eels
  5 crimson imps
  3 quasits
  A bullfrog zombie (D:10)
  2 draconian simulacra (IceCv)
  4 centaur zombies
  5 jellies
  2 bullfrog skeletons
  19 orc priests
  7 hounds
  3 iron imps
  11 orc wizards
  3 centaur skeletons
  Crazy Yiuf (D:3)
  Terence (D:2)
  4 polar bear simulacra (IceCv)
  30 worker ants
  9 iguanas
  Natasha (D:2)
  A spriggan simulacrum (IceCv)
  3 troll simulacra (IceCv)
  A wolf simulacrum (IceCv)
  A hound skeleton (D:4)
  A hound zombie (D:7)
  3 worker ant zombies
  11 gnolls
  A howler monkey skeleton (D:5)
  3 naga simulacra (IceCv)
  9 adders
  2 shadow imps
  6 white imps
  7 ufetubi
  An ooze (D:3)
  An adder skeleton (D:6)
  4 worms
  A dart slug (D:3)
  5 leopard geckos
  A leopard gecko (shapeshifter) (Vaults:4)
  112 orcs
  3 ball pythons
  4 giant cockroaches
  9 goblins
  10 hobgoblins
  8 jackals
  8 quokkas
  A ball python skeleton (D:4)
  15 bats
  3 frilled lizards
  A jackal skeleton (D:7)
  15 kobolds
  11 rats
  18 briar patches
  3 bushes (Elf:2)
  5 crawling corpses
  11 fungi
  17 plants
  3 starspawn tentacles
3004 creatures vanquished.

Vanquished Creatures (collateral kills)
  A pandemonium lord (Zig:5)
  A storm dragon (Zot:4)
  A deep elf annihilator (Elf:3)
  2 orb spiders (Spider:4)
  A wolf spider (Spider:4)
6 creatures vanquished.

Vanquished Creatures (others)
  A deep elf knight (Elf:2)
  A hell knight (Depths:5)
  A deep elf mage (Elf:1)
  4 moths of wrath (Zot:5)
  A water elemental (Elf:3)
  A human (Swamp:1)
  2 hogs (Swamp:1)
  2 swamp drakes (Swamp:4)
  An ogre (Depths:2)
  A centaur (Orc:2)
  An ufetubus (IceCv)
  An orc (Orc:2)
  15 bushes (Elf:2)
  A fire vortex (Swamp:4)
  17 fungi
  11 plants
  A starspawn tentacle (Zig:6)
62 creatures vanquished.

Grand Total: 3072 creatures vanquished

Notes
Turn   | Place    | Note
-------+----------+-------------------------------------------
     0 | D:1      | Monsterracer the Minotaur Berserker began the quest for the Orb.
     0 | D:1      | Reached XP level 1. HP: 19/19 MP: 0/0
   144 | D:1      | Reached XP level 2. HP: 24/26 MP: 1/1
   366 | D:1      | Reached skill level 5 in Axes
   445 | D:1      | Reached ** piety under Trog
   561 | D:1      | Reached XP level 3. HP: 31/31 MP: 2/2
   828 | D:2      | Found an opulent altar of Gozag.
  1210 | D:2      | Reached XP level 4. HP: 39/39 MP: 3/3
  1261 | D:2      | Noticed Terence
  1269 | D:2      | Killed Terence
  1539 | D:2      | Noticed Natasha
  1541 | D:2      | Killed Natasha
  1541 | D:2      | Reached XP level 5. HP: 43/45 MP: 4/4
  1612 | D:3      | Found a sparkling altar of Nemelex Xobeh.
  1800 | D:3      | Reached *** piety under Trog
  1993 | D:3      | Gained mutation: You occasionally shout uncontrollably at your foes. [potion of mutation]
  1993 | D:3      | Gained mutation: You evolve. [potion of mutation]
  1993 | D:3      | Gained mutation: You are surrounded by a mild repulsion field. (EV +2) [potion of mutation]
  2144 | D:3      | Found a runed door.
  2148 | D:3      | Noticed Crazy Yiuf
  2156 | D:3      | Killed Crazy Yiuf
  2276 | D:4      | Found a blossoming altar of Fedhas.
  2465 | D:4      | Reached XP level 6. HP: 46/51 MP: 5/5
  3021 | D:5      | Entered Level 5 of the Dungeon
  3024 | D:5      | Noticed Eustachio
  3077 | D:5      | Killed Eustachio
  3077 | D:5      | Reached XP level 7. HP: 31/57 MP: 6/6
  3640 | D:5      | Reached skill level 10 in Axes
  3948 | D:5      | Found a white marble altar of Elyvilon.
  3950 | D:5      | Found a stormy altar of Qazlal.
  4591 | D:6      | Found Vebynog's Antique Weapon Emporium.
  4690 | D:6      | Identified a scroll of acquirement
  4730 | D:6      | Found a staircase to the Ecumenical Temple.
  4819 | D:6      | Gained mutation: Your flesh is heat resistant. (rF+) [evolution]
  5040 | D:6      | Reached XP level 8. HP: 50/64 MP: 7/7
  5166 | D:6      | Noticed Monsterracer's ghost (novice TeSu)
  5180 | D:6      | Killed Monsterracer's ghost
  5222 | D:6      | Found a glowing drain.
  5231 | Sewer    | Entered a sewer
  5249 | Sewer    | Reached **** piety under Trog
  5299 | Sewer    | Noticed Purgy
  5309 | Sewer    | Killed Purgy
  5670 | D:7      | Noticed Joseph
  5685 | D:7      | Killed Joseph
  5863 | D:7      | Reached XP level 9. HP: 72/72 MP: 8/8
  6086 | D:7      | Reached skill level 5 in Fighting
  6545 | D:8      | Found a staircase to the Lair.
  6545 | D:8      | Noticed a centaur warrior
  6564 | D:8      | Killed a centaur warrior
  6564 | D:8      | Reached skill level 5 in Armour
  6587 | D:8      | HP: 3/77 [porcupine's spines (11)]
  6923 | D:8      | Reached XP level 10. HP: 84/84 MP: 9/9
  6998 | D:8      | Found Adiugen's Book Shoppe.
  7004 | D:8      | Noticed a two-headed ogre
  7010 | D:8      | Killed a two-headed ogre
  7030 | D:8      | Gained mutation: You are surrounded by a moderate repulsion field. (EV +3) [evolution]
  7083 | D:8      | Found an iron altar of Okawaru.
  7172 | D:9      | Noticed Maurice
  7269 | D:9      | Killed Maurice
  7269 | D:9      | Reached skill level 5 in Dodging
  7495 | D:9      | Reached ***** piety under Trog
  7568 | D:6      | Bought a fine battleaxe for 356 gold pieces
  7568 | D:6      | Identified the +9 battleaxe of Uffukh {chop, rPois} (You bought it in a shop on level 6 of the Dungeon)
  7649 | D:10     | Entered Level 10 of the Dungeon
  7742 | D:9      | Reached skill level 15 in Axes
  7756 | D:9      | Received a gift from Trog
  7885 | D:9      | Noticed a manticore
  7892 | D:9      | Killed a manticore
  8290 | D:10     | Noticed Psyche
  8295 | D:10     | Killed Psyche
  8443 | D:10     | Found a staircase to the Orcish Mines.
  8503 | D:10     | Noticed a gargoyle
  8511 | D:10     | Killed a gargoyle
  8531 | D:10     | Reached XP level 11. HP: 86/94 MP: 10/10
  8784 | D:10     | Found a deep blue altar of Sif Muna.
  9575 | Lair:1   | Entered Level 1 of the Lair of Beasts
  9576 | Lair:1   | Received a gift from Trog
 10321 | Lair:2   | Noticed Fannar
 10326 | Lair:1   | Gained mutation: You are dopey. (Int -2) [evolution]
 10381 | Lair:1   | Killed Fannar
 10749 | Lair:2   | Found a hole to the Spider Nest.
 10749 | Lair:2   | Noticed an orb spider
 10767 | Lair:2   | Killed an orb spider
 11058 | Lair:2   | Found a staircase to the Swamp.
 11182 | Lair:2   | Noticed a catoblepas
 11221 | Lair:2   | Killed a catoblepas
 11451 | Lair:2   | Reached XP level 12. HP: 97/106 MP: 11/11
 11668 | Lair:3   | Noticed a six-headed hydra
 11669 | Lair:3   | Reached skill level 10 in Fighting
 11679 | Lair:3   | Killed a nine-headed hydra
 11679 | Lair:3   | Reached skill level 10 in Armour
 11735 | Lair:3   | Upgraded the game from 0.20-a0-1020-g7b9e4fe to 0.20-a0-1025-g4706f7e
 12423 | Lair:4   | Noticed a death yak
 12424 | Lair:4   | Noticed a death yak
 12431 | Lair:4   | Killed a death yak
 12437 | Lair:4   | Killed a death yak
 12833 | Lair:4   | Received a gift from Trog
 13004 | Lair:4   | Noticed a four-headed hydra
 13008 | Lair:4   | Killed a six-headed hydra
 13032 | Lair:4   | Lost mutation: You occasionally shout uncontrollably at your foes. [evolution]
 13093 | Lair:4   | Reached XP level 13. HP: 116/116 MP: 12/12
 13691 | Lair:5   | Found a viscous altar of Jiyva.
 13691 | Lair:5   | Found a staircase to the Slime Pits.
 13742 | Lair:5   | Noticed Urug
 13748 | Lair:5   | Killed Urug
 13851 | Lair:5   | Noticed an entropy weaver
 13851 | Lair:5   | Noticed an entropy weaver
 13926 | Lair:4   | HP: 4/118 [entropy weaver (14)]
 14406 | Lair:5   | Reached ****** piety under Trog
 14406 | Lair:5   | Received a gift from Trog
 14426 | Lair:5   | Killed an entropy weaver
 14867 | Lair:6   | Entered Level 6 of the Lair of Beasts
 15283 | Lair:6   | Found an ornate altar of the Wu Jian Council.
 15594 | Lair:6   | Killed an entropy weaver
 15649 | Lair:6   | Reached XP level 14. HP: 108/127 MP: 13/13
 15734 | Lair:6   | Gained mutation: You are surrounded by a strong repulsion field. (EV +4, RMsl) [evolution]
 15981 | Orc:1    | Entered Level 1 of the Orcish Mines
 15981 | Orc:1    | Noticed Nergalle
 15990 | Orc:1    | Killed Nergalle
 15993 | Orc:1    | Received a gift from Trog
 16055 | Orc:1    | Found a roughly hewn altar of Beogh.
 16092 | Orc:1    | Noticed an orc warlord
 16094 | Orc:1    | Noticed an orc warlord
 16121 | Orc:2    | Entered Level 2 of the Orcish Mines
 16286 | D:10     | Killed an orc warlord
 16523 | Orc:1    | Killed an orc warlord
 16874 | Orc:2    | Noticed Snorg
 16887 | Orc:2    | Killed Snorg
 17213 | Orc:1    | Gained mutation: You possess an exceptional clarity of mind. [evolution]
 17639 | Orc:2    | Found Cianal's Assorted Antiques.
 17648 | Orc:2    | Bought a scroll labeled TIOTHR CUPURR for 26 gold pieces
 17668 | Orc:2    | Found a staircase to the Elven Halls.
 17717 | Orc:2    | Found Usoosat's Gadget Shop.
 17717 | Orc:2    | Found Noimmysaocs's Weapon Emporium.
 17719 | Orc:2    | Found Dija's Book Shoppe.
 17721 | Orc:2    | Found Buefar's Gadget Boutique.
 17858 | D:11     | Received a gift from Trog
 17886 | D:11     | Got an ivory war axe {god gift}
 17887 | D:11     | Lost intelligence.
 17887 | D:11     | Identified the +2 war axe "Gecuduel" {chop, rN+ Int-5 Dex+5} (Trog gifted it to you on level 11 of the Dungeon)
 18677 | D:12     | Found a labyrinth entrance.
 18713 | Lab      | Entered a labyrinth
 20343 | Lab      | Got a scorched war axe
 20344 | Lab      | Identified the +4 war axe "Cemikh" {flame, rPois rC+++ Str-5 Int+4} (You found it in a labyrinth)
 21597 | D:13     | Received a gift from Trog
 21742 | D:13     | Reached XP level 15. HP: 126/139 MP: 14/14
 21776 | D:13     | Noticed Josephine
 21781 | D:13     | Killed Josephine
 21929 | D:13     | Found Bawih's Distillery.
 21959 | D:13     | Received a gift from Trog
 22227 | D:13     | Found a gate to the Vaults.
 22537 | D:14     | Noticed Rupert
 22541 | D:14     | Paralysed by Rupert for 7 turns
 22555 | D:14     | Killed Rupert
 23096 | D:15     | Entered Level 15 of the Dungeon
 23234 | D:15     | Found a flickering gateway to a bazaar.
 23240 | Bazaar   | Entered a bazaar
 23244 | Bazaar   | Found Ocrudahu's Magic Scroll Boutique.
 23263 | Bazaar   | Found Ojunkeustu's Antique Weapon Emporium.
 23280 | Bazaar   | Found Zoiziw's Armour Boutique.
 23285 | Bazaar   | Bought a +1 hat of magic resistance for 192 gold pieces
 23311 | Bazaar   | Found Onum's Antique Armour Shoppe.
 23692 | D:15     | Reached skill level 15 in Fighting
 23710 | D:15     | Lost intelligence.
 23718 | D:15     | Noticed an azure jelly
 23718 | D:15     | a minotaur changed into an azure jelly
 23720 | D:15     | Noticed a frost giant
 23720 | D:15     | an azure jelly changed into a frost giant
 23722 | D:15     | Killed a frost giant
 23722 | D:15     | Received a gift from Trog
 23733 | D:15     | Found a staircase to the Depths.
 24155 | D:15     | Noticed Sonja
 24662 | D:10     | Gained mutation: You can translocate small distances at will. [evolution]
 24738 | Swamp:1  | Entered Level 1 of the Swamp
 24745 | Swamp:1  | Noticed Kirke
 24754 | Swamp:1  | Killed Kirke
 24841 | Swamp:1  | Reached skill level 15 in Armour
 24848 | Swamp:1  | Noticed Nikola
 24858 | Swamp:1  | Killed Nikola
 25289 | Swamp:1  | Received a gift from Trog
 25960 | Swamp:2  | Reached XP level 16. HP: 128/150 MP: 15/15
 26555 | Swamp:2  | Noticed a thorn hunter
 26569 | Swamp:2  | Killed a thorn hunter
 26819 | Swamp:2  | Noticed a thorn hunter
 26828 | Swamp:2  | Killed a thorn hunter
 27509 | Swamp:3  | Noticed a thorn hunter
 27519 | Swamp:3  | Killed a thorn hunter
 27559 | Swamp:3  | Gained mutation: You are resistant to hostile enchantments. (MR+) [evolution]
 28032 | Swamp:3  | Noticed a thorn hunter
 28042 | Swamp:3  | Killed a thorn hunter
 28043 | Swamp:3  | Received a gift from Trog
 28075 | Swamp:3  | Noticed a thorn hunter
 28092 | Swamp:3  | Killed a thorn hunter
 28397 | Swamp:4  | Entered Level 4 of the Swamp
 28456 | Swamp:4  | Received a gift from Trog
 28949 | Swamp:4  | Lost mutation: You are dopey. (Int -2) [evolution]
 29433 | Swamp:4  | Got a decaying rune of Zot
 29598 | Spider:1 | Entered Level 1 of the Spider Nest
 29840 | Spider:1 | Noticed Louise
 29856 | Spider:1 | Killed Louise
 30136 | Spider:1 | Noticed Frances
 30145 | Spider:1 | Killed Frances
 30145 | Spider:1 | Reached XP level 17. HP: 161/161 MP: 16/16
 30571 | Spider:2 | Received a gift from Trog
 31500 | Spider:3 | Noticed Agnes
 31505 | Spider:3 | Killed Agnes
 31684 | Spider:3 | Received a gift from Trog
 32457 | Spider:3 | Noticed Aizul
 32468 | Spider:3 | Killed Aizul
 32816 | Spider:4 | Entered Level 4 of the Spider Nest
 32852 | Spider:4 | Received a gift from Trog
 33222 | Spider:4 | Received a gift from Trog
 33963 | Spider:4 | Reached XP level 18. HP: 118/172 MP: 0/17
 34176 | Spider:4 | Got a gossamer rune of Zot
 34604 | Elf:1    | Entered Level 1 of the Elven Halls
 34621 | Elf:1    | Found a radiant altar of Vehumet.
 34695 | Elf:1    | Received a gift from Trog
 34717 | Elf:1    | Got a scorched battleaxe {god gift}
 34718 | Elf:1    | Identified the +1 battleaxe of the Goat {antimagic, Int+2} (Trog gifted it to you on level 1 of the Elven Halls)
 35101 | Elf:1    | Received a gift from Trog
 35572 | Elf:1    | Found Damostr Mafa's Antique Weapon Shop.
 35918 | Elf:1    | Noticed a Tzitzimitl
 35924 | Elf:1    | Noticed an Ice Fiend
 36453 | Elf:1    | Gained mutation: You are highly resistant to hostile enchantments. (MR++) [evolution]
 36525 | Elf:2    | Found a huge runed gate.
 36525 | Elf:2    | Found a huge runed gate.
 36525 | Elf:2    | Found a huge runed gate.
 36525 | Elf:2    | Found a huge runed gate.
 36525 | Elf:2    | Found a huge runed gate.
 36733 | Elf:2    | Found a frozen archway.
 36800 | IceCv    | Entered an ice cave
 37356 | IceCv    | Noticed an Ice Fiend
 37381 | IceCv    | Killed an Ice Fiend
 37393 | IceCv    | Received a gift from Trog
 38061 | Elf:2    | Reached XP level 19. HP: 154/184 MP: 18/18
 38796 | Elf:2    | Found a radiant altar of Vehumet.
 38803 | Elf:2    | Received a gift from Trog
 38904 | Elf:2    | Found a portal to a secret trove of treasure.
 39513 | Elf:3    | Entered Level 3 of the Elven Halls
 40287 | Elf:3    | Received a gift from Trog
 41545 | Elf:3    | Received a gift from Trog
 41783 | Elf:3    | Reached skill level 27 in Axes
 41788 | Elf:3    | Received a gift from Trog
 42040 | Elf:3    | Reached XP level 20. HP: 82/195 MP: 19/19
 42722 | Vaults:1 | Entered Level 1 of the Vaults
 43157 | Vaults:1 | Received a gift from Trog
 43869 | Vaults:1 | Gained mutation: You rapidly evolve. [evolution]
 43883 | Vaults:1 | Found Tawimunn's Armour Boutique.
 43967 | Vaults:1 | Received a gift from Trog
 44174 | Vaults:1 | Reached skill level 10 in Dodging
 44671 | Vaults:2 | Noticed Frederick
 44677 | Vaults:2 | Killed Frederick
 44956 | Vaults:2 | Received a gift from Trog
 45292 | Vaults:2 | Received a gift from Trog
 45384 | Vaults:2 | Reached XP level 21. HP: 202/209 MP: 20/20
 45721 | Vaults:2 | Found Bouniucw's Book Shoppe.
 46474 | Vaults:3 | Found Bisiph's Book Shoppe.
 46488 | Vaults:3 | Found Coosych's Food Shoppe.
 46514 | Vaults:3 | Found a staircase to the Crypt.
 46589 | Vaults:3 | Received a gift from Trog
 47160 | Vaults:3 | Received a gift from Trog
 47524 | Vaults:3 | Got a bloodstained war axe
 47525 | Vaults:3 | Identified the +6 war axe of Conscience {antimagic, rC+} (You found it on level 3 of the Vaults)
 47791 | Vaults:4 | Received a gift from Trog
 47999 | Vaults:4 | Reached XP level 22. HP: 219/223 MP: 19/21
 48582 | Vaults:4 | Received a gift from Trog
 48662 | Vaults:4 | Lost mutation: You are highly resistant to hostile enchantments. (MR++) [evolution]
 48676 | Vaults:4 | Noticed Jorgrun
 48687 | Vaults:4 | Killed Jorgrun
 49966 | Vaults:5 | Entered Level 5 of the Vaults
 49966 | Vaults:5 | Noticed DEFE's ghost (veteran DEAK)
 50007 | Vaults:5 | Noticed a golden dragon
 50361 | Vaults:5 | Noticed an ancient lich
 50362 | Vaults:5 | Received a gift from Trog
 50549 | Vaults:4 | Killed a golden dragon
 50990 | Vaults:5 | Killed an ancient lich
 50991 | Vaults:5 | Killed DEFE's ghost
 50991 | Vaults:5 | Reached XP level 23. HP: 212/236 MP: 22/22
 50993 | Vaults:5 | Got a translucent lapis lazuli ring
 51074 | Vaults:5 | Identified the ring of Fuda {+Fly rElec rC- Str+2} (You took it off a tengu reaver on level 5 of the Vaults)
 51119 | Vaults:5 | Identified the Disquisition on Ghastly Snow
 51164 | Vaults:5 | Received a gift from Trog
 51684 | Vaults:5 | Reached skill level 15 in Dodging
 51866 | Vaults:5 | Received a gift from Trog
 51935 | Vaults:5 | Got a twitching turquoise ring
 51974 | Vaults:5 | Identified the ring of Yesterday {Fire -Tele rElec MR+++ Int+5} (You found it on level 5 of the Vaults)
 52295 | Vaults:5 | Got a silver rune of Zot
 52393 | Vaults:5 | Received a gift from Trog
 52650 | Vaults:5 | Gained mutation: Your flesh is cold resistant. (rC+) [evolution]
 52701 | Vaults:4 | Reached skill level 27 in Fighting
 53034 | Temple   | Entered the Ecumenical Temple
 53139 | Temple   | Fell from the grace of Trog
 53139 | Temple   | Became a worshipper of the Shining One
 53485 | Depths:1 | Entered Level 1 of the Depths
 53534 | Depths:1 | Reached skill level 1 in Invocations
 53634 | Depths:1 | Reached XP level 24. HP: 239/249 MP: 22/23
 53700 | Depths:1 | Reached * piety under the Shining One
 53918 | Depths:1 | Found a gateway to Hell.
 54243 | Depths:1 | Reached ** piety under the Shining One
 54779 | Depths:2 | Found Waigof's Gadget Shop.
 54830 | Depths:2 | Reached skill level 5 in Invocations
 54944 | Depths:2 | Reached *** piety under the Shining One
 54968 | Depths:2 | Found Reih's Jewellery Emporium.
 54976 | Depths:2 | Bought the ring "Migokaes" {+Blink rN+ Dex+5 SInv} for 633 gold pieces
 55013 | Depths:2 | Found Gautuq's Armour Shop.
 55016 | Depths:2 | Bought the cursed -2 pair of boots of Distant Worlds {rN+ rCorr Int+3 Stlth-} for 250 gold pieces
 55600 | Depths:2 | Found Duipy's Gadget Shoppe.
 55790 | Depths:3 | Reached **** piety under the Shining One
 56059 | Depths:3 | Reached XP level 25. HP: 257/257 MP: 27/27
 56139 | Depths:3 | Reached ***** piety under the Shining One
 56296 | Depths:3 | Noticed a juggernaut
 56307 | Depths:3 | Killed a juggernaut
 56578 | Depths:3 | Found Setim's Distillery.
 56584 | Depths:3 | Bought a potion of haste for 250 gold pieces
 56671 | Depths:3 | Found a one-way gate to the infinite horrors of the Abyss.
 56887 | Depths:3 | Found a one-way gate leading to the halls of Pandemonium.
 57123 | Depths:4 | Found a gateway to a ziggurat.
 57123 | Depths:4 | Noticed an ancient lich
 57454 | Depths:4 | Found a corrupted altar of Lugonu.
 57523 | Depths:4 | Killed an ancient lich
 57533 | Depths:4 | Lost mutation: You can translocate small distances at will. [evolution]
 57991 | Depths:4 | Got faintly humming fire dragon scales
 57993 | Depths:4 | Got a faintly humming plate armour
 57998 | Depths:4 | Got a flickering amber ring
 58000 | Depths:4 | Got a pair of translucent gloves
 58013 | Depths:4 | Identified Qaesyipt's Tome of Quantum Evil
 58042 | Depths:4 | Identified the +8 plate armour of Snakes and Ladders {Int+5} (You found it on level 4 of the Depths)
 58052 | Depths:4 | Identified the +3 fire dragon scales of Ewneffut {rF++ rC- rCorr MP+9 Str+6} (You found it on level 4 of the Depths)
 58063 | Depths:4 | Identified the -1 pair of gloves of the Sky {Dex+6} (You found it on level 4 of the Depths)
 58577 | Depths:5 | Entered Level 5 of the Depths
 58577 | Depths:5 | Found Quseec's Gadget Emporium.
 58577 | Depths:5 | Noticed Sojobo
 58592 | Depths:5 | Killed Sojobo
 58597 | Depths:5 | Reached skill level 10 in Invocations
 58972 | Depths:5 | Reached XP level 26. HP: 247/266 MP: 29/29
 59103 | Depths:5 | Found a runed door.
 59103 | Depths:5 | Found a runed door.
 59153 | Depths:5 | Found a runed door.
 59402 | Depths:5 | Found a runed door.
 59445 | Depths:5 | Found a runed door.
 59445 | Depths:5 | Found a runed door.
 59461 | Depths:5 | Found a gate to the Realm of Zot.
 59549 | Depths:5 | Noticed Xtahua
 59557 | Depths:5 | Killed Xtahua
 59557 | Depths:5 | Reached skill level 27 in Armour
 59620 | Depths:5 | Reached ****** piety under the Shining One
 60498 | Slime:1  | Entered Level 1 of the Pits of Slime
 60573 | Slime:1  | Paralysed by Trog for 6 turns
 60585 | Slime:1  | Identified the ring "Hatulanu" {+Fly rC+} (You found it on level 4 of the Depths)
 60671 | Slime:1  | Gained mutation: You expend magic power (3 MP) to strengthen your wands. [a shining eye]
 61961 | Slime:4  | Noticed Dissolution
 61975 | Slime:4  | Killed Dissolution
 61998 | Slime:4  | Gained mutation: You are frail. (-10% HP) [a shining eye]
 62008 | Slime:4  | Gained mutation: You are very frail. (-20% HP) [a shining eye]
 62560 | Slime:2  | Paralysed by Trog for 7 turns
 62634 | Slime:4  | Was forgiven by Trog
 63001 | Slime:5  | Entered Level 5 of the Pits of Slime
 63076 | Slime:5  | Paralysed by a floating eye for 3 turns
 63079 | Slime:5  | Noticed the Royal Jelly
 63082 | Slime:5  | Paralysed by a floating eye for 4 turns
 63087 | Slime:5  | Paralysed by a floating eye for 4 turns
 63223 | Slime:5  | Killed the Royal Jelly
 63223 | Slime:5  | Reached XP level 27. HP: 129/217 MP: 26/31
 63395 | Slime:5  | Gained mutation: You occasionally shout uncontrollably at your foes. [a shining eye]
 63563 | Slime:5  | Got a coiled brass amulet
 63565 | Slime:5  | Identified the amulet "Koarhyt" {Reflect rPois SH+3} (You found it on level 5 of the Pits of Slime)
 63567 | Slime:5  | Got a translucent bone ring
 63588 | Slime:5  | Got a slimy rune of Zot
 63630 | Slime:5  | Got a scorched iron ring
 63678 | Slime:5  | Identified the ring "Ogaek" {rF+ MR+ Int+2 Dex+5 Stlth-} (You found it on level 5 of the Pits of Slime)
 63679 | Slime:5  | Identified the ring "Niwk" {*Tele rPois Dex+4 Stlth+} (You found it on level 5 of the Pits of Slime)
 63699 | Slime:5  | Gained mutation: You are dopey. (Int -2) [a shining eye]
 63701 | Slime:5  | Gained mutation: Your body sometimes deteriorates upon taking damage. [a shining eye]
 64034 | Slime:5  | Identified a +9 executioner's axe of holy wrath (a +9 executioner's axe of electrocution blessed by the Shining One)
 64034 | Slime:5  | Received a gift from the Shining One
 64354 | D:15     | Killed Sonja
 64487 | Zig:1    | Entered Level 1 of a ziggurat
 64504 | Zig:2    | Entered Level 2 of a ziggurat
 64520 | Zig:3    | Entered Level 3 of a ziggurat
 64558 | Zig:4    | Entered Level 4 of a ziggurat
 64591 | Zig:5    | Entered Level 5 of a ziggurat
 64596 | Zig:5    | Noticed Bunued the pandemonium lord
 64601 | Zig:5    | Paralysed by a floating eye for 2 turns
 64615 | Zig:5    | Paralysed by a floating eye for 4 turns
 64618 | Zig:5    | Killed Bunued the pandemonium lord
 64630 | Zig:5    | Got a faintly glowing garnet amulet
 64631 | Zig:5    | Identified the amulet of Cipain {Faith *Corrode +Fly Dex+4} (You found it on level 5 of a ziggurat)
 64640 | Zig:6    | Entered Level 6 of a ziggurat
 64993 | Zot:1    | Entered Level 1 of the Realm of Zot
 65359 | Zot:1    | Noticed an orb of fire
 65361 | Zot:1    | Gained mutation: You are extremely frail. (-30% HP) [an orb of fire]
 65368 | Zot:1    | Gained mutation: You are very dopey. (Int -4) [an orb of fire]
 65370 | Zot:1    | Killed an orb of fire
 66815 | Zot:2    | Reached skill level 15 in Invocations
 67108 | Zot:2    | Gained mutation: You passively map a small area around you. [evolution]
 69590 | Zot:5    | Entered Level 5 of the Realm of Zot
 69953 | Zot:5    | Reached skill level 27 in Dodging
 70466 | Zot:5    | Noticed an ancient lich
 70472 | Zot:5    | Killed an ancient lich
 70807 | Zot:5    | Noticed an ancient lich
 70812 | Zot:5    | Killed an ancient lich
 70940 | Zot:5    | Noticed an orb of fire
 70940 | Zot:5    | Noticed an orb of fire
 70940 | Zot:5    | Noticed an orb of fire
 70940 | Zot:5    | Noticed an orb of fire
 70940 | Zot:5    | Noticed an orb of fire
 70940 | Zot:5    | Noticed an orb of fire
 70941 | Zot:5    | Gained mutation: Your magical capacity is low. (-10% MP) [an orb of fire]
 70942 | Zot:5    | Gained mutation: Potions are less effective at restoring your health. [an orb of fire]
 70946 | Zot:5    | Killed an orb of fire
 70947 | Zot:5    | Gained mutation: You do not regenerate when monsters are visible. [an orb of fire]
 70948 | Zot:5    | HP: 1/191 [orb of fire/fireball (24)]
 70949 | Zot:5    | Gained mutation: Armour fits poorly on your strangely shaped body. [an orb of fire]
 70949 | Zot:5    | Killed from afar by an orb of fire

Vault maps used:
D:1:      elethiomel_arrival_quiet, st_stairs_9
D:2:      nicolae_gozag_seed_capital, uniq_terence, uniq_natasha
D:3:      first_bread, nemelex_lonely_heart_becter, uniq_crazy_yiuf_cottage
D:4:      fedhas_altar_2
D:5:      chequers_temple_overflow_statue_of_worship, serial_co_window_serial,
          co_window_paths_a, co_window_of_opportunity_a, co_window_corner_a,
          co_window_paths_b, co_window_paths_a, co_window_paths_a,
          co_window_corner_a, co_window_corner_b, co_window_cross_2,
          co_window_corner_cb, co_window_corner_ca, co_window_2corner,
          co_window_paths_d, co_window_4corner_a, kennysheep_minor_cross,
          uniq_eustachio
D:6:      minmay_temple_entry_overgrown, portal_sewer_entry_d, serial_shops,
          nicolae_shop_stone, dk_noncrumbling_2, minmay_crystal_room
D:7:      uniq_joseph
D:8:      lemuel_doored_altar, due_lair_maze_entry_diamond, serial_shops,
          nicolae_shop_stone, grunt_livestock, okawaru_trees_1
D:9:      uniq_maurice
D:10:     david_orc_2, lemuel_blue_sif_altar, uniq_psyche
D:11:     elves_outpost_lemuel
D:12:     lab_entry_generic, minivault_5
D:13:     wad_woods_minihive, david_vaults_5, serial_shops,
          nicolae_shop_behind_doors, uniq_josephine
D:14:     uniq_rupert
D:15:     gammafunk_enter_depths_forms, minmay_stone_trees_medium, serial_shops,
          bzr_entry_safe, uniq_sonja
Temple:   dpeg_five_rooms_temple
Lair:1:   serial_bayou, serial_bayou_shore_a, serial_bayou_pond_c,
          serial_bayou_pond_e, serial_bayou_pond_d, infiniplex_staircase_pool_2
Lair:2:   minmay_swamp_entry_reptiles, nicolae_spider_entry_orb_guardian,
          uniq_fannar
Lair:3:   grunt_megastairs_4
Lair:4:   cheibrodos_lair_overgrown_chateau, st_stairs_7, lemuel_fruit_tree
Lair:5:   slime_altar_1, minivault_29, uniq_urug
Lair:6:   hangedman_lair_in_review, basic_altar, serial_bayou_pond_a,
          grunt_forest_small_clearings, zaba_anthole
Swamp:1:  hangedman_swamp_ruin_hall, swamp_pool3, uniq_kirke, uniq_nikola
Swamp:2:  evilmike_swamp_ruin_house_3
Swamp:3:  nicolae_swamp_phyte_club, evilmike_swamp_ruin_house_2,
          infiniplex_staircase_pool
Swamp:4:  swamp_fiery
Spider:1: uniq_louise, uniq_frances
Spider:3: uniq_aizul, uniq_agnes
Spider:4: guppyfry_spider_rune
Slime:4:  cheibrodos_slime_lost_civilization_6, uniq_dissolution
Orc:1:    basic_altar, uniq_nergalle
Orc:2:    st_orc_rangers, serial_shops, nicolae_shop_overgrown_old_shop,
          uniq_snorg
Elf:1:    eino_elf_arrival_altar, serial_shops, shop, evilmike_minifort,
          grunt_ministairs_7
Elf:2:    basic_altar, nicolae_trove_entry_crossroad,
          portal_ice_cave_entry_pillars_1, minmay_fountain_box,
          statue_in_the_mist_lemuel
Elf:3:    grunt_elf_hall_branching
Vaults:1: nicolae_vaults_gold_heap, grunt_vaults_hallway_long,
          hangedman_vaults_stitches, v_pattern_5, vaults_room_grid, v_misc_33,
          ontoclasm_vaults_claustrophobia, vaults_dpeg_encased_lava,
          grunt_vaults_hallway_short, v_misc_2, v_misc_31,
          nicolae_vaults_display_case, nicolae_vaults_big_angled_halls,
          nicolae_vaults_border_crossing, serial_shops, shop_coins
Vaults:2: grunt_vaults_hallway_long, vaults_dpeg_doors, st_octagons_1,
          v_misc_11, ontoclasm_vaults_pinch, nicolae_vaults_asterisk,
          nicolae_vaults_angled_halls, vaults_room_hallway, serial_ice_g,
          vaults_room_corners, vaults_room_grid, vaults_dpeg_cross,
          hangedman_vaults_stream, serial_shops, shop, uniq_frederick
Vaults:3: nicolae_vaults_big_angled_halls, nicolae_vaults_twisting_passages,
          st_lines, v_misc_9, nicolae_vaults_network_square,
          nicolae_vaults_big_ls, dpeg_vaults_monster_box, vaults_dpeg_diagonal,
          nicolae_vaults_triangles, vaults_dpeg_ring,
          nicolae_vaults_ring_of_whatevers, serial_shops, shop,
          nicolae_shop_window_shopping
Vaults:4: st_greater_box_5, v_misc_5, nicolae_vaults_arrows,
          vaults_mumra_chevron_long, nicolae_vaults_specimen_jars,
          hangedman_vaults_nails, nicolae_vaults_angled_halls,
          ontoclasm_vaults_ring_square, nicolae_vaults_shelves_hall,
          nicolae_vaults_rhombus_5, uniq_jorgrun
Vaults:5: serial_shops
Depths:1: grunt_metal_band, serial_sigils_hangedman_shear,
          kennysheep_decorative_pillar, lemuel_flame_loot_1
Depths:2: minmay_concentric_multi, serial_shops, kennysheep_mini_moat, shop,
          nicolae_shop_crystal, kennysheep_mini,
          hangedman_abyss_or_decor_passed, pf_hell_entry_tar_river,
          wad_floor_pattern_untrapped
Depths:3: giant_chief_lemuel, serial_shops, shop,
          hangedman_abyss_or_decor_jellyfish_corner, grunt_pan_entry_in_and_out,
          hangedman_coc_ice_floe, abyss_entry_crystal
Depths:4: gold_lair_mu, enter_ziggurat_d, abyss_entry_flame_altar,
          serial_sigils_hangedman_clutch, hell_entry,
          minmay_staircase_windowed_large
Depths:5: evilmike_zot_entry_castle, hell_entry, eino_curves_02, serial_shops,
          shop, uniq_sojobo, uniq_xtahua
Zot:2:    circus_mu, hangedman_zot_decor_slant
Zot:3:    nicolae_moth_party
Zig:4:    ziggurat_pillar_centre_c
Lab:      nicolae_lab_starburst, lab_block, lab_statue
Bazaar:   bazaar_jpeg_circle_common
Sewer:    kennysheep_door_sewer
IceCv:    ice_cave_caverns_03

Skill      XL: |  1  2  3  4  5  6  7  8  9 10 11 12 13 14 15 16 17 18 19 20 21 22 23 24 25 26 27 |
---------------+----------------------------------------------------------------------------------+-----
Axes           | 4 5 6 7 8 9 11 13 14 15 16 18 20 21 22 24 25 26 27 | 27.0
Fighting       | 4 6 8 9 11 12 14 15 17 18 19 20 22 24 25 27 | 27.0
Armour         | 3 5 7 9 11 12 13 15 16 17 18 19 20 21 22 23 25 26 27 | 27.0
Dodging        | 4 6 8 10 12 14 15 17 19 22 27 | 27.0
Invocations    | 1 7 10 13 19 | 19.8

Action                   |  1- 3 |  4- 6 |  7- 9 | 10-12 | 13-15 | 16-18 | 19-21 | 22-24 | 25-27 || total
-------------------------+-------+-------+-------+-------+-------+-------+-------+-------+-------++-------
Melee: Hand axe          |   109 |   182 |    79 |       |       |       |       |       |       ||   370
       Headbutt          |    16 |    29 |    45 |    74 |   170 |   218 |   220 |   228 |   533 ||  1533
       War axe           |       |       |   171 |    74 |    15 |   241 |       |       |       ||   501
       Battleaxe         |       |       |       |   373 |   277 |   224 |   198 |       |       ||  1072
       Executioner's axe |       |       |       |       |   655 |   687 |   761 |   891 |  1589 ||  4583
Invok: Berserk           |     1 |     4 |     3 |     6 |     7 |     4 |     7 |     3 |       ||    35
       Trog's Hand       |       |     1 |       |       |       |       |     6 |     1 |       ||     8
       Burn Spellbooks   |       |       |       |     1 |     4 |     4 |    10 |     5 |       ||    24
       Brothers in Arms  |       |       |       |       |       |     2 |     1 |     1 |       ||     4
       Cleansing Flame   |       |       |       |       |       |       |       |       |    11 ||    11
       Summon Divine War |       |       |       |       |       |       |       |       |     6 ||     6
       Divine Shield     |       |       |       |       |       |       |       |       |     1 ||     1
       Brand Weapon With |       |       |       |       |       |       |       |       |     1 ||     1
Evoke: Wand              |       |       |       |       |     1 |       |       |       |     1 ||     2
  Use: Potion            |     2 |     4 |     6 |     1 |     7 |     2 |     3 |       |     7 ||    32
       Scroll            |       |       |    16 |    13 |    14 |     2 |     7 |     8 |    14 ||    74
 Stab: Petrified         |       |       |       |       |     1 |       |       |       |       ||     1
       Distracted        |       |       |       |       |     1 |     1 |     1 |     1 |       ||     4
       Confused          |       |       |       |       |       |     1 |       |       |       ||     1
  Eat: Chunk             |     1 |     9 |    13 |    23 |    43 |    39 |    41 |    23 |    17 ||   209
       Bread ration      |       |       |     1 |       |       |       |       |       |     2 ||     3
       Fruit             |       |       |       |     2 |    10 |     6 |     1 |     8 |    30 ||    57
Armor: Animal skin       |    19 |       |       |       |       |       |       |       |       ||    19
       Chain mail        |    32 |   109 |    38 |       |       |       |       |       |       ||   179
       Crystal plate arm |       |       |   149 |   266 |   543 |   873 |   470 |   536 |   643 ||  3480
Dodge: Dodged            |    63 |    85 |    89 |   185 |   609 |   648 |   435 |   628 |  1527 ||  4269
       Deflected         |       |       |       |       |    49 |    34 |    77 |    55 |    74 ||   289
Block: Other             |       |       |       |    39 |   119 |    47 |       |       |    69 ||   274
       Reflection        |       |       |       |       |    17 |       |       |       |     1 ||    18
